 Dungeon Crawl Stone Soup version 0.29-a0-857-g9b1aa3ac5b (webtiles) character file.

Game seed: 10627590063160092506

2962 gobodom the Magician (level 9, -11/91 HPs)
             Began as a Demonspawn Fire Elementalist on July 15, 2022.
             Mangled by a boulder beetle (21 damage)
             ... on level 7 of the Dungeon on July 16, 2022.
             The game lasted 00:28:36 (8944 turns).

gobodom the Magician (Demonspawn Fire Elementalist) Turns: 8944, Time: 00:28:36

Health: -11/91     AC: 24    Str: 13 (14) XL:     9   Next: 52%
Magic:  16/19      EV:  2    Int: 19      God:
Gold:   141        SH:  0    Dex: 14      Spells: 18/21 levels left

rFire   . . .      SeeInvis .   x - +2 whip (elec)
rCold   . . .      Faith    .   (no shield)
rNeg    . . .      Spirit   .   (body armour currently unavailable)
rPois   +          Reflect  .   (helmet currently unavailable)
rElec   .          Harm     .   (cloak currently unavailable)
rCorr   .          Rampage  .   (gloves currently unavailable)
Will    .....      NoTele   +   (boots currently unavailable)
Stlth   ++........              (no amulet)
HPRegen 0.25/turn               e - +6 ring of strength
MPRegen 0.16/turn               B - +4 ring of evasion

@: tree-form
A: stationary, stasis, torment immunity, boosted hp, (icy blue scales 1), (spiny
2), (demonic touch 2), deterioration 1, dopey 1
a: no special abilities


You were on level 7 of the Dungeon.
You were a tree.
You visited 1 branch of the dungeon, and saw 7 of its levels.
You also visited: Sewer.

You collected 330 gold pieces.
You spent 189 gold pieces at shops.

Inventory:

Hand Weapons
 d - a +3 dire flail
 f - a +0 demon whip
 p - a +4 morningstar
 x - a +2 whip of electrocution (weapon)
Missiles
 w - 3 curare-tipped darts
Armour
 a - a +1 robe (melded)
 o - a +1 pair of boots (melded)
 A - a scarf of invisibility
Jewellery
 e - a +6 ring of strength (left branch)
 B - a +4 ring of evasion (right branch)
Wands
 k - a wand of digging (3)
 m - a wand of flame (15)
Scrolls
 i - 2 scrolls of immolation
 y - 2 scrolls of noise {unknown}
 z - a scroll of enchant weapon {unknown}
 C - a scroll of poison {unknown}
Potions
 b - 3 potions of magic
 g - a potion of flight
 h - 2 potions of berserk rage {unknown}
 j - a potion of ambrosia {unknown}
 l - 3 potions of curing
 n - a potion of brilliance {unknown}
 q - 2 potions of cancellation {unknown}
 r - 2 potions of might {unknown}
 s - a potion of resistance {unknown}
 t - 3 potions of haste {unknown}
 u - 4 potions of heal wounds {unknown}
 v - a potion of invisibility
 D - a potion of attraction {unknown}


   Skills:
 + Level 2.0 Fighting
 + Level 4.1 Maces & Flails
 + Level 2.9 Dodging
 + Level 3.2 Stealth
 + Level 6.9 Spellcasting
 + Level 6.3 Conjurations
 + Level 6.2 Fire Magic
 + Level 0.8 Evocations


You had 18 spell levels left.
You knew the following spells:

 Your Spells              Type           Power      Damage    Failure   Level
a - Foxfire               Conj/Fire      100%       2x1d9     1%          1
b - Scorch                Fire           60%        2d8       1%          2

Your spell library contained the following spells:

 Spells                   Type           Power      Damage    Failure   Level
 Conjure Flame            Conj/Fire      30%        6-21      2%          3
 Flame Wave               Conj/Fire      30%        2d8       8%          4
 Inner Flame              Hex/Fire       18%        N/A       9%          3
 Leda's Liquefaction      Hex/Erth       3%         N/A       71%         4
 Lee's Rapid Deconstruct  Erth           3%         3d6*      96%         5
 Statue Form              Tmut/Erth      4%         N/A       100%        6


Dungeon Overview and Level Annotations

Branches:
Dungeon (7/15)             Temple (0/1) D:6           Sewer (visited)

Altars:

Shops:
D:4 ?[[(*


Innate Abilities, Weirdness & Mutations

You are a tree.
Your roots penetrate the ground, keeping you stationary.
You cannot be teleported.
You are immune to unholy pain and torment.
Your maximum health is greatly increased.
Your equipment is partially melded.
((You are partially covered in icy blue scales. (AC +2)))
((You are mostly covered in sharp spines.))
((Your touch may inflict irresistible damage on your foes.))
Your body sometimes deteriorates upon taking damage.
You are dopey. (Int -2)


Message History

The boulder beetle stops rolling and uncurls.
You conjure some foxfire!
The boulder beetle closely misses you.
You hit the boulder beetle but do no damage.
The foxfire hits the boulder beetle but does no damage.
The foxfire hits the boulder beetle.
The boulder beetle is lightly wounded.
The boulder beetle waves its antennae.
The boulder beetle bites you!!
You hit the boulder beetle but do no damage.
You touch the boulder beetle!
The boulder beetle is moderately wounded.
The boulder beetle waves its antennae.
The boulder beetle bites you!!
* * * LOW HITPOINT WARNING * * *
You are too injured to fight recklessly!
Really quaff the potion of lignification?
You turn into a tree.
Your +1 pair of boots melds into your body.
Your +1 robe melds into your body.
Your roots penetrate the ground.
The boulder beetle bites you!!
* * * LOW HITPOINT WARNING * * *
You hit the boulder beetle.
The boulder beetle is moderately wounded.
You hit the boulder beetle but do no damage.
Lightning courses through the boulder beetle!
The boulder beetle is heavily wounded.
The boulder beetle leaps!
A boulder beetle is nearby!
A boulder beetle is nearby!
You hit the boulder beetle.
The boulder beetle is heavily wounded.
The boulder beetle bites you but does no damage.
You hit the boulder beetle but do no damage.
The boulder beetle is heavily wounded.
The boulder beetle bites you but does no damage.
You hit the boulder beetle but do no damage.
You punch the boulder beetle, but do no damage.
The boulder beetle is heavily wounded.
The boulder beetle bites you!!
You die...

#.#
#......##
##<#
########
########..#
#........##
..........#
##
#########.#
###. #.# ###
#... #B##
..### #...
#♣.# #....##
##..
##.##?.....#
#..
#.#........
##.
#.#○.○:....
##
#...B.°....
##.........
#.#......#
#.#....###
#.....##


You could see a boulder beetle.

Vanquished Creatures
  Pikel (D:6)
  Eustachio (D:4)
  Duvessa (D:5)
  A water moccasin (D:7)
  2 ice beasts (D:6)
  A sky beast (D:7)
  2 black bears (D:4)
  A phantom (D:5)
  4 lemures (D:6)
  2 bullfrogs
  A kobold brigand (Sewer)
  A necrophage (D:4)
  3 scorpions (D:5)
  Dowan (D:5)
  10 wights
  2 howler monkeys (D:6)
  2 jellies (D:6)
  An orc priest (D:5)
  Natasha (thrice) (D:2)
  3 iguanas
  3 orc wizards
  6 adders
  A shadow imp (D:5)
  2 white imps
  4 worms
  3 dart slugs
  14 orcs
  8 endoplasms
  2 giant cockroaches (D:2)
  11 goblins
  6 hobgoblins
  6 jackals
  20 kobolds
  4 quokkas
  9 ball pythons
  11 bats
  7 frilled lizards
  10 rats
170 creatures vanquished.

Vanquished Creatures (collateral kills)
  6 foxfires (Sewer)
6 creatures vanquished.

Vanquished Creatures (others)
  667 foxfires
  A plant (Sewer)
668 creatures vanquished.

Grand Total: 844 creatures vanquished

Notes
Turn   | Place    | Note
-------+----------+-------------------------------------------
     0 | D:1      | gobodom the Demonspawn Fire Elementalist began the quest
                  | for the Orb.
     0 | D:1      | Reached XP level 1. HP: 13/13 MP: 3/3
    58 | D:1      | You fall into a shaft and drop 1 floor!
   326 | D:1      | Found a faded altar of an unknown god.
   404 | D:1      | Gained mutation: You are partially covered in sharp spines.
                  | [demonic ancestry]
   404 | D:1      | Reached XP level 2. HP: 19/19 MP: 0/5
  1613 | D:1      | Gained mutation: You are mostly covered in sharp spines.
                  | [demonic ancestry]
  1613 | D:1      | Reached XP level 3. HP: 24/24 MP: 2/6
  1920 | D:2      | Noticed Natasha
  1927 | D:2      | Killed Natasha
  1928 | D:2      | Reached XP level 4. HP: 30/30 MP: 1/7
  2246 | D:2      | Noticed Natasha
  2254 | D:2      | Killed Natasha
  2429 | D:2      | Noticed Natasha
  2443 | D:2      | Killed Natasha
  2776 | D:3      | Reached XP level 5. HP: 35/35 MP: 6/9
  2923 | D:3      | Found a glowing drain.
  2940 | Sewer    | Entered a sewer
  3560 | D:3      | Reached skill level 1 in Maces & Flails
  3587 | D:3      | Gained mutation: Your touch may inflict minor irresistible
                  | damage on your foes. [demonic ancestry]
  3587 | D:3      | Reached XP level 6. HP: 42/42 MP: 5/11
  4284 | D:3      | Gained mutation: You are dopey. (Int -2) [potion of
                  | mutation]
  4284 | D:3      | Gained mutation: Your body sometimes deteriorates upon
                  | taking damage. [potion of mutation]
  4325 | D:4      | Noticed Eustachio
  4332 | D:4      | Killed Eustachio
  4522 | D:4      | Found Lugeb's Armour Boutique.
  4615 | D:4      | Found Nyepluxi's Weapon Boutique.
  4675 | D:4      | Gained mutation: Your touch may inflict irresistible damage
                  | on your foes. [demonic ancestry]
  4675 | D:4      | Reached XP level 7. HP: 47/47 MP: 5/13
  4812 | D:4      | Reached skill level 1 in Fighting
  4903 | D:4      | Found Jeot's Assorted Antiques.
  5141 | D:4      | Found Uryph's Antique Armour Emporium.
  5158 | D:4      | Found Noullio's Magic Scroll Shoppe.
  5322 | D:4      | Upgraded the game from 0.29-a0-845-g6161e89988 to
                  | 0.29-a0-857-g9b1aa3ac5b
  5350 | D:5      | Entered Level 5 of the Dungeon
  5650 | D:5      | Reached XP level 8. HP: 37/54 MP: 11/15
  5845 | D:5      | Reached skill level 5 in Spellcasting
  5921 | D:5      | Noticed Dowan
  5922 | D:5      | Noticed Duvessa
  5930 | D:5      | Killed Duvessa
  5931 | D:5      | Reached skill level 5 in Fire Magic
  5934 | D:5      | Killed Dowan
  6352 | D:6      | Reached skill level 5 in Conjurations
  6511 | D:6      | Noticed Pikel
  7025 | D:6      | Noticed an angel
  7075 | D:6      | Learned a level 2 spell: Scorch
  7209 | D:6      | Killed Pikel
  7210 | D:6      | Gained mutation: You are partially covered in icy blue
                  | scales. (AC +2) [demonic ancestry]
  7210 | D:6      | Reached XP level 9. HP: 43/61 MP: 8/18
  7303 | D:6      | Found a staircase to the Ecumenical Temple.
  7490 | D:4      | Bought a scroll labelled NECLAFO RATHRU for 24 gold pieces
  7541 | D:4      | Bought 2 scrolls of enchant armour for 165 gold pieces
  8922 | D:7      | Noticed a boulder beetle
  8944 | D:7      | Mangled by a boulder beetle

Illustrated notes

Levels and vault maps discovered:
D:1:      minmay_arrival_widening_spiral_wide, layout_basic,
          ebering_ecumenical_altar_box
D:2:      layout_basic, uniq_natasha
D:3:      layout_loops_cross, cheibrodos_sewer_entry_sluice,
          guppyfry_early_orc_mine
D:4:      layout_loops_ring, serial_shops, nicolae_shop_advertising_works
          [nicolae_subvault_shop_adworks], nicolae_shop_window_shopping,
          shop_statue, nicolae_shop_waterfront, shop, uniq_eustachio
D:5:      layout_rooms, minmay_misc_feat_plants, uniq_duvessa
D:6:      layout_gridville, zin_angel, minmay_temple_entry_sparse_star,
          chequers_serial_rivers_micro_c, corexii_item_surrounded_by_moat,
          uniq_pikel
D:7:      layout_cave_pods

Skill      XL: |  1  2  3  4  5  6  7  8  9 |
---------------+----------------------------+-----
Dodging        | 2 |  2.9
Fire Magic     | 3 4 5 6 |  6.2
Conjurations   | 2 3 4 5 6 |  6.3
Stealth        | 2 3 |  3.2
Spellcasting   | 3 4 6 |  6.9
Maces & Flails | 1 2 3 4 |  4.1
Fighting       | 1 2 |  2.0
Evocations     | |  0.8

Action                   |  1- 3 |  4- 6 |  7- 9 || total
-------------------------+-------+-------+-------++-------
Melee: Unarmed           |     7 |       |       ||     7
       Whip              |     1 |    17 |     7 ||    25
       Morningstar       |       |     9 |    41 ||    50
       Punch             |       |     1 |     1 ||     2
       Touch             |       |       |     8 ||     8
 Cast: Foxfire           |    88 |   149 |   187 ||   424
       Scorch            |       |       |     3 ||     3
Evoke: Wand              |       |       |     4 ||     4
  Use: Scroll            |       |     6 |     7 ||    13
       Potion            |       |     1 |     1 ||     2
Armor: Robe              |     3 |     6 |     9 ||    18
       Skin              |       |       |     2 ||     2
Dodge: Dodged            |     8 |    27 |    26 ||    61

Table legend: (Time is in decaauts)
 A = Elapsed time spent in this place.
 B = Non-inter-level travel time spent in this place.
 C = Inter-level travel time spent in this place.
 D = Time resting spent in this place.
 E = Time spent auto-exploring this place.
 F = Levels seen in this place.
 G = Mean time per level.
                   A        B        C        D        E       F      G
               +--------+--------+--------+--------+--------+-----+--------+
         Total |   8982 |   8607 |    375 |    297 |   7155 |   8 | 1122.8 |
       Dungeon |   8440 |   8065 |    375 |    297 |   6720 |   7 | 1205.7 |
         Sewer |    542 |    542 |      0 |      0 |    434 |   1 |  542.0 |
               +--------+--------+--------+--------+--------+-----+--------+

Top non-repeatable levels by time:
     D:1: 1697 daAuts
     D:6: 1277 daAuts
     D:7: 1255 daAuts
     D:4: 1182 daAuts
     D:3: 1088 daAuts
     D:2: 1008 daAuts
     D:5: 931 daAuts
   Sewer: 542 daAuts
